 Dungeon Crawl Stone Soup version 0.24.1-8-ga250c9d538 (webtiles) character file.

Game seed: 1116100026763515646, levelgen mode: deterministic

479 Hugehornet the Insei (level 7, -3/43 HPs)
             Began as an Octopode Transmuter on May 7, 2020.
             Was a Follower of Cheibriados.
             Slain by an ogre
             ... wielding a +0 giant spiked club
              (28 damage)
             ... on level 5 of the Dungeon.
             The game lasted 00:13:36 (5664 turns).

Hugehornet the Insei (Octopode Transmuter)          Turns: 5664, Time: 00:13:37

Health: -3/43      AC:  2    Str: 12    XL:     7   Next: 11%
Magic:  4/11       EV: 20    Int: 19    God:    Cheibriados [*.....]
Gold:   217        SH:  0    Dex: 19    Spells: 1/12 levels left

rFire    . . .     SeeInvis +     - Unarmed
rCold    . . .     Gourm    .   (shield currently unavailable)
rNeg     . . .     Faith    .   (helmet currently unavailable)
rPois    x         Spirit   .   (no amulet)
rElec    .         Reflect  .   l - ring of see invisible
rCorr    .         Harm     .   (no ring)
MR       .....                  (no ring)
Stlth    ++........             (no ring)
HPRegen  0.14/turn              (no ring)
MPRegen  0.12/turn              (no ring)
                                (no ring)
                                (no ring)

@: spider-form, very slow
A: tiny, almost no armour, stealthy swim, (amphibious), 8 rings, (constrict 8),
mutation resistance 1
a: End Transformation, Bend Time, Renounce Religion


You were on level 5 of the Dungeon.
You worshipped Cheibriados.
Cheibriados was aware of your devotion.
You were very hungry.
You were a venomous arachnid creature.
You visited 1 branch of the dungeon, and saw 5 of its levels.
You also visited: Sewer.

You collected 329 gold pieces.
You spent 112 gold pieces at shops.

Inventory:

Missiles
 a - 72 arrows
Jewellery
 l - a ring of see invisible (left front leg)
Wands
 d - a wand of disintegration (13)
Scrolls
 b - a scroll of magic mapping
 e - 3 scrolls of enchant armour
 f - 4 scrolls of remove curse
 g - 4 scrolls of teleportation
 r - a scroll of fog {unknown}
 s - a scroll of blinking {unknown}
Potions
 h - a potion of invisibility
 i - a potion of magic
 j - 2 potions of brilliance
 k - a potion of resistance
 m - 2 potions of flight {unknown}
 n - a potion of curing
 o - 2 potions of heal wounds
Comestibles
 c - 4 rations


   Skills:
 - Level 1.0 Fighting
 - Level 2.0 Dodging
 * Level 5.1 Unarmed Combat
 + Level 3.3 Spellcasting
 * Level 1.9 Conjurations
 - Level 1.0 Translocations
 - Level 3.0 Transmutations
 * Level 1.8 Air Magic
 - Level 3.0 Poison Magic


You had one spell level left.
You knew the following spells:

 Your Spells              Type           Power        Failure   Level  Hunger
a - Beastly Appendage     Tmut           ##....       13%         1    None
b - Sticks to Snakes      Tmut           ##......     17%         2    ##.....
c - Spider Form           Tmut/Pois      ##........   30%         3    ###....
d - Blink                 Tloc           N/A          34%         2    ##.....
e - Mephitic Cloud        Conj/Pois/Air  ##......     36%         3    ###....

Your spell library contained the following spells:

 Spells                   Type           Power        Failure   Level  Hunger
 Magic Dart               Conj           ##..         19%         1    None
 Animate Skeleton         Necr           N/A          34%         1    None
 Pain                     Necr           #...         34%         1    None
 Call Imp                 Summ           #.......     43%         2    ##.....
 Slow                     Hex            #.......     43%         2    ##.....
 Conjure Flame            Conj/Fire      #.......     52%         3    ###....
 Regeneration             Chrm/Necr      #.........   63%         3    ###....
 Vampiric Draining        Necr           #.........   63%         3    ###....
 Ice Form                 Ice/Tmut       #.......     82%         4    ####...
 Blade Hands              Tmut           ##........   89%         5    ######.
 Animate Dead             Necr           N/A          94%         4    ####...


Dungeon Overview and Level Annotations

Branches:
Dungeon (5/15)              Sewer (visited)
 Temple: D:4-7

Altars:
Cheibriados
Gozag
Nemelex Xobeh

Shops:
D:4 *


Innate Abilities, Weirdness & Mutations

You cannot wear most types of armour.
You are very stealthy in the water. (Stealth+)
((You are amphibious.))
You can wear up to eight rings at the same time.
((You can use your tentacles to constrict eight enemies at once.))
((Your skin changes colour to match your surroundings (Stealth+).))
((Your rubbery body absorbs attacks. (AC +1, EV +1)))
You are somewhat resistant to further mutation.


Message History

The iguana is severely wounded.
The iguana bites you!
You hit the iguana.
The iguana looks as sick as possible!
The iguana is almost dead.
You kill the iguana!
Cheibriados thoroughly appreciates the change of pace.
The ogre asks, "Where am I?"
The ogre misses you.
You see here an iguana corpse.
You butcher the iguana corpse.
Things that are here:
a chunk of flesh; an iguana skeleton You bite the ogre!
The ogre is moderately wounded.
The ogre misses you.
You hit the ogre but do no damage.
The ogre is poisoned.
The ogre is moderately wounded.
The ogre hits you with a +0 giant spiked club!!
Ouch! That really hurt!
You die...

#≈#≈≈÷≈##≈#........,,,,,,,
#≈#######≈#........,,,,,,,
##≈≈≈.≈≈.##........,,,,,,,
#########..##.....,,,,,,,
#....#.....#*.....,,,,<,,
**#######..........#######**,,***
*,......##.........##....########
*,.........?.......'..........#..
*,.............Os..#..........#..
*,......##...###...##.........'..
*,.....,*#...#*##+####+####...##.
*,....,,*#.....,,,,**,,,**#...##.
*,...,,,.........,,*,,,,,#.....#.
*,..,,,!..........,*,,,,,#.....#.
*,.,,,............,+,,,,,#.....#.
*,,,,,..####+###..,**,,,*#...###.
**********,,,********,,,*#+#####.


You could see an ogre (confused).

Vanquished Creatures
  A big kobold (Sewer)
  A centaur zombie (D:5)
  An orc priest (D:4)
  An orc wizard (D:4)
  An iguana (D:5)
  Crazy Yiuf (D:3)
  A worker ant (D:4)
  A gnoll (D:1)
  8 adders
  2 river rats (Sewer)
  A shadow imp (D:5)
  2 oozes
  A worm (D:2)
  2 dart slugs
  4 leopard geckos (D:5)
  13 orcs
  7 bats
  6 giant cockroaches
  7 goblins
  13 hobgoblins
  14 jackals
  2 quokkas
  9 frilled lizards
  9 kobolds
  A quokka skeleton (D:4)
  8 rats
117 creatures vanquished.

Notes
Turn   | Place    | Note
-------+----------+-------------------------------------------
     0 | D:1      | Hugehornet the Octopode Transmuter began the quest for the
                  | Orb.
     0 | D:1      | Reached XP level 1. HP: 13/13 MP: 3/3
   134 | D:1      | Reached XP level 2. HP: 18/18 MP: 3/5
   138 | D:1      | Learned a level 2 spell: Sticks to Snakes
   340 | D:1      | Reached XP level 3. HP: 23/23 MP: 4/6
   345 | D:1      | Learned a level 3 spell: Spider Form
   912 | D:2      | Found an opulent altar of Gozag.
   917 | D:2      | Found a sparkling altar of Nemelex Xobeh.
  1123 | D:2      | Reached skill level 1 in Poison Magic
  1252 | D:2      | Reached XP level 4. HP: 28/28 MP: 5/7
  2221 | D:3      | Gained mutation: You are somewhat resistant to further
                  | mutation. [potion of mutation]
  2259 | D:3      | Reached skill level 4 in Unarmed Combat
  2465 | D:3      | Learned a level 2 spell: Blink
  2603 | D:3      | Reached XP level 5. HP: 33/33 MP: 7/9
  2662 | D:3      | Found a runed translucent door.
  2663 | D:3      | Noticed Crazy Yiuf
  2676 | D:3      | Killed Crazy Yiuf
  2878 | D:3      | Reached skill level 1 in Translocations
  3960 | D:4      | Reached XP level 6. HP: 28/38 MP: 8/10
  3991 | D:4      | Learned a level 3 spell: Mephitic Cloud
  4074 | D:4      | Found a snail-covered altar of Cheibriados.
  4107 | D:4      | Became a worshipper of Cheibriados the Contemplative
  4539 | D:4      | Found Lyxtaof's General Store.
  4548 | D:4      | Bought a scroll of remove curse for 42 gold pieces
  4548 | D:4      | Bought a scroll of teleportation for 42 gold pieces
  4548 | D:4      | Bought a scroll of identify for 28 gold pieces
  4718 | D:5      | Entered Level 5 of the Dungeon
  4733 | D:5      | Reached skill level 1 in Conjurations
  4733 | D:5      | Reached skill level 1 in Air Magic
  5084 | D:5      | Found a glowing drain.
  5088 | Sewer    | Entered a sewer
  5100 | Sewer    | Reached skill level 5 in Unarmed Combat
  5384 | Sewer    | Reached * piety under Cheibriados
  5390 | Sewer    | Reached XP level 7. HP: 28/43 MP: 7/11
  5501 | Sewer    | Found a white marble altar of Elyvilon.
  5664 | D:5      | Slain by an ogre

Levels and vault maps discovered:
D:1:      lightli_arrival_statue_moat, layout_loops_ring,
          minmay_misc_feat_nine_boxes
D:2:      layout_basic, grunt_temple_overflow_opulence, serial_glass,
          glass_columns_a, glass_columns_a
D:3:      layout_basic, kennysheep_donut, uniq_crazy_yiuf_cottage
D:4:      layout_cave_pools, cheibriados_altar_1, serial_shops,
          kennysheep_little_box, first_ration
D:5:      layout_gridville, gup_sewer_entry_spiral

Skill      XL: |  1  2  3  4  5  6 |
---------------+-------------------+-----
Transmutations | 3 |  3.0
Poison Magic   | 1 2 3 |  3.0
Unarmed Combat | 4 5 |  5.1
Translocations | 1 |  1.0
Spellcasting   | 3 |  3.3
Conjurations   | 1 |  1.9
Air Magic      | 1 |  1.8
Fighting       | |  1.0
Dodging        | |  2.0

Action                   |  1- 3 |  4- 6 |  7- 9 || total
-------------------------+-------+-------+-------++-------
Melee: Unarmed           |    52 |   207 |    16 ||   275
       Kick              |    10 |    35 |     1 ||    46
       Constrict         |    10 |    48 |     1 ||    59
       Tentacles         |     4 |    17 |       ||    21
       Punch             |     1 |     3 |       ||     4
 Cast: Beastly Appendage |    18 |    38 |     2 ||    58
       Spider Form       |       |     6 |     2 ||     8
       Mephitic Cloud    |       |     1 |     1 ||     2
 Abil: End Transformatio |       |       |     1 ||     1
  Use: Potion            |     3 |     2 |     1 ||     6
       Scroll            |       |     7 |       ||     7
 Stab: Sleeping          |     4 |     7 |       ||    11
  Eat: Chunk             |     1 |    11 |       ||    12
       Ration            |       |     1 |       ||     1
Armor: Skin              |     7 |     8 |       ||    15
Dodge: Dodged            |    19 |   145 |    15 ||   179
